 Dungeon Crawl Stone Soup version 0.29-a0-1008-g949cc1d0fb (webtiles) character file.

Game seed: 9261610902688279055

6528 Manisian the Summoner (level 11, -4/62 HPs)
             Began as a Tengu Summoner on Aug 7, 2022.
             Was a Follower of the Shining One.
             Slain by a troll (9 damage)
             ... on level 10 of the Dungeon.
             The game lasted 00:28:08 (12107 turns).

Manisian the Summoner (Tengu Summoner)             Turns: 12107, Time: 00:28:09

Health: -4/62      AC:  7    Str:  8    XL:     11   Next: 1%
Magic:  24/24      EV: 15    Int: 27    God:    the Shining One [*.....]
Gold:   415        SH:  0    Dex: 14    Spells: 7/26 levels left

rFire   . . .      SeeInvis .   p - +1 halberd (elec)
rCold   . . .      Faith    .   (shield currently unavailable)
rNeg    . . .      Spirit   .   q - +1 leather armour "Herehaci" {rPois}
rPois   +          Reflect  .   o - +2 hat
rElec   .          Harm     .   E - +0 cloak
rCorr   .          Rampage  .   (no gloves)
Will    .....                   (boots unavailable)
Stlth   +.........              (no amulet)
HPRegen 0.20/turn               h - ring of wizardry
MPRegen 0.19/turn               A - +6 ring of intelligence

@: flying quickly and evasively, glowing, quick
A: beak, talons 3, nimble flight
a: Renounce Religion, Divine Shield


You were on level 10 of the Dungeon.
You worshipped the Shining One.
The Shining One was aware of your devotion.
You visited 2 branches of the dungeon, and saw 11 of its levels.
You also visited: Ossuary.

You collected 523 gold pieces.
You spent 108 gold pieces at shops.

Inventory:

Hand Weapons
 d - a +0 dagger
 f - a +0 trident
 p - a +1 halberd of electrocution (weapon)
 D - the +6 spear "Xerioh" {spect, rPois rF- rC+++ Dex-4}
   (You found it on level 7 of the Dungeon)

   When its wielder attacks, the weapon's spirit leaps out and strikes again.
   The spirit shares a part of any damage it takes with its wielder.
   Dex:       It affects your dexterity (-4).
   rF:        It makes you vulnerable to fire.
   rC:        It renders you almost immune to cold.
   rPois:     It protects you from poison.
Missiles
 n - 2 throwing nets
Armour
 a - a +1 robe
 o - a +2 hat (worn)
 q - the +1 leather armour "Herehaci" (worn) {rPois}
   (You found it on level 6 of the Dungeon)

   rPois:     It protects you from poison.
 E - a +0 cloak (worn)
Jewellery
 h - a ring of wizardry (left hand)
 y - a ring of fire
 A - a +6 ring of intelligence (right hand)
 C - a ring of poison resistance
 I - a +6 ring of strength
Wands
 r - a wand of charming (9)
 u - a wand of mindburst (11)
 x - a wand of iceblast (7)
 B - a wand of polymorph (9)
 G - a wand of acid (2)
Scrolls
 e - 7 scrolls of teleportation
 m - 4 scrolls of vulnerability
 s - a scroll of poison
 F - 2 scrolls of blinking
 H - 2 scrolls of identify
 J - a scroll of enchant weapon
Potions
 b - 2 potions of magic
 c - 3 potions of flight
 g - a potion of haste
 i - a potion of heal wounds
 j - 2 potions of lignification
 k - 4 potions of resistance
 l - 2 potions of might
 t - 5 potions of curing
 v - 10 potions of degeneration
 w - 2 potions of brilliance {unknown}
 z - a potion of ambrosia {unknown}


   Skills:
 + Level 4.4 Fighting
 + Level 8.4 Polearms
 + Level 3.2 Armour
 + Level 4.5 Dodging
 + Level 4.9 Stealth
 + Level 8.0 Spellcasting
 + Level 1.9 Hexes
 + Level 10.1 Summonings
 + Level 0.3 Fire Magic
 + Level 3.6 Air Magic


You had 7 spell levels left.
You knew the following spells:

 Your Spells              Type           Power      Damage    Failure   Level
a - Call Canine Familiar  Summ           60%        N/A       1%          3
b - Summon Guardian Gole  Hex/Summ       43%        N/A       1%          3
c - Summon Small Mammal   Summ           100%       N/A       1%          1
d - Summon Lightning Spi  Summ/Air       48%        N/A       1%          4
e - Summon Cactus Giant   Summ           30%        N/A       7%          6
f - Call Imp              Summ           60%        N/A       1%          2

Your spell library contained the following spells:

 Spells                   Type           Power      Damage    Failure   Level
 Poisonous Vapours        Pois/Air       40%        N/A       2%          2
 Static Discharge         Conj/Air       20%        3-6/arc   2%          2
 Sting                    Tmut/Pois      40%        1d5       3%          1
 Scorch                   Fire           24%        2d6       4%          2
 Sublimation of Blood     Necr           10%        N/A       4%          2
 Airstrike                Air            15%        2d(3-19)  7%          4
 Leda's Liquefaction      Hex/Erth       8%         N/A       21%         4
 Flame Wave               Conj/Fire      11%        2d6       26%         4
 Sticky Flame             Conj/Fire      11%        2d3       26%         4
 Dispel Undead            Necr           10%        3d9       28%         4
 Olgreb's Toxic Radiance  Pois           10%        N/A       28%         4
 Petrify                  Tmut/Erth      10%        N/A       28%         4
 Irradiate                Conj/Tmut      5%         3d13      58%         5
 Lee's Rapid Deconstruct  Erth           5%         3d7*      58%         5
 Malign Gateway           Summ/Tloc      19%        N/A       95%         7
 Spellforged Servitor     Conj/Summ      19%        N/A       95%         7
 Statue Form              Tmut/Erth      6%         N/A       98%         6
 Summon Horrible Things   Summ           30%        N/A       95%         8
 Dragon's Call            Summ           30%        N/A       100%        9


Dungeon Overview and Level Annotations

Branches:
Dungeon (10/15)            Temple (1/1) D:7            Lair (0/5) D:8
Ossuary (visited)
    Orc: D:9-12

Altars:
Ashenzari
Cheibriados
Dithmenos
Elyvilon
Fedhas
Gozag
Hepliaklqana
Kikubaaqudgha
Makhleb
Nemelex Xobeh
Okawaru
Qazlal
Ru
Sif Muna
Trog
Uskayaw
Vehumet
Wu Jian
Xom
Yredelemnul
Zin
The Shining One

Shops:
D:7 [


Innate Abilities, Weirdness & Mutations

You have a beak for a mouth.
You have claws for feet.
Your magical nature lets you fly swiftly and evasively.


Message History

You now have 375 gold pieces (gained 7).
Things that are here:
a +0 dagger; a +0 animal skin
Things that are here:
a +0 dagger; a +0 robe
H - 2 scrolls of identify (gained 1)
You now have 384 gold pieces (gained 9).
v - 9 potions of degeneration (gained 2)
Things that are here:
a +0 flail; a +0 ring mail; a +0 dagger
v - 10 potions of degeneration (gained 1)
Things that are here:
a +0 falchion; an orc corpse
Things that are here:
a +0 whip; a +0 ring mail; an orc corpse
Found 5 stones.
You now have 396 gold pieces (gained 12).
You now have 415 gold pieces (gained 19).
Found a stone staircase leading up.
Found an ancient bone altar of Kikubaaqudgha.
Okay, then.
A troll comes into view.
You hit the troll but do no damage. The troll bites you!
The troll claws you but does no damage. The troll claws you!
You puncture the troll! You claw the troll, but do no damage.
The troll is moderately wounded.
The troll barely misses you. The troll closely misses you.
The troll claws you but does no damage.
You hit the troll. You claw the troll. You peck the troll, but do no damage.
The troll is severely wounded.
The troll barely misses you. The troll claws you but does no damage.
The troll claws you!
You slash the troll! You claw the troll, but do no damage.
The troll is almost dead.
The troll bites you!
* * * LOW HITPOINT WARNING * * *
The troll claws you!
* * * LOW HITPOINT WARNING * * *
The troll claws you!
You die...

#.......... #
#......... #.
#.......# #..
#..<....#
+..######.......#
##...............#
.........P###....#
..........#.#....#
......T@....#....#
.....P.#....#....##
...P..##.._.#.....#
.....P #....#.....#
...... P....#....^#
....P ...#.#.....#
.... ...###.....###
....
.+............#
...........#


You could see a troll.

Vanquished Creatures
  A death yak (D:8)
  A steam dragon (D:7)
  3 vampire mosquitoes (D:10)
  3 water moccasins
  An orc warrior (D:10)
  An ice beast (D:7)
  A black bear (D:5)
  3 ogres
  The ghost of siradein the Digger, an amateur DsEE (D:4)
  A kobold brigand (D:7)
  3 bullfrogs (D:8)
  2 necrophages
  A gnoll sergeant (D:5)
  A water moccasin zombie (Ossuary)
  3 howler monkeys
  4 jellies
  An iron imp (D:9)
  A hound (D:5)
  An iguana (D:5)
  5 orc wizards
  2 hell rats (D:8)
  3 mummies
  4 gnolls
  7 adders
  3 white imps
  2 ufetubi (D:4)
  2 adder zombies (Ossuary)
  A worm (D:4)
  A dart slug (D:4)
  23 orcs
  4 ball pythons
  2 bats (D:1)
  An endoplasm (D:1)
  3 giant cockroaches
  6 gnoll zombies (Ossuary)
  7 goblins
  10 hobgoblins
  2 jackals (D:1)
  4 kobolds
  A quokka (D:3)
  A frilled lizard (D:3)
  3 hobgoblin zombies (Ossuary)
  3 kobold zombies (Ossuary)
  An orc zombie (Ossuary)
  6 rats
140 creatures vanquished.

Vanquished Creatures (collateral kills)
  2 death yaks (D:8)
  A shadow (D:10)
  A wraith (D:9)
  2 vampire mosquitoes (D:10)
  An acid dragon (D:9)
  2 water moccasins
  A swamp drake (D:10)
  An ice beast (D:7)
  An orc warrior (D:10)
  A centaur (D:8)
  2 bullfrogs (D:8)
  A hound (D:4)
  5 orc priests
  An iguana (D:5)
  6 orc wizards
  6 gnolls
  2 adders (D:2)
  A river rat (D:8)
  4 adder zombies (Ossuary)
  A dart slug (D:1)
  15 orcs
  A ball python (D:1)
  An endoplasm (D:1)
  A gnoll zombie (Ossuary)
  A goblin (D:1)
  5 hobgoblins
  2 jackals (D:1)
  8 kobolds
  3 quokkas (D:1)
  A bat (D:1)
  6 frilled lizards
  2 hobgoblin zombies (Ossuary)
  2 orc zombies (Ossuary)
  3 rats
93 creatures vanquished.

Vanquished Creatures (others)
  2 gnoll sergeants (D:7)
  A water moccasin zombie (Ossuary)
  6 gnolls
  An adder (D:3)
  A hobgoblin zombie (Ossuary)
11 creatures vanquished.

Grand Total: 244 creatures vanquished

Notes
Turn   | Place    | Note
-------+----------+-------------------------------------------
     0 | D:1      | Manisian the Tengu Summoner began the quest for the Orb.
     0 | D:1      | Reached XP level 1. HP: 10/10 MP: 4/4
    27 | D:1      | Reached skill level 5 in Summonings
   305 | D:1      | Reached XP level 2. HP: 15/15 MP: 3/6
   552 | D:1      | Reached XP level 3. HP: 18/19 MP: 4/7
   557 | D:1      | Learned a level 2 spell: Call Imp
   561 | D:1      | Learned a level 3 spell: Call Canine Familiar
   703 | D:1      | Found a faded altar of an unknown god.
  1569 | D:2      | Reached XP level 4. HP: 24/24 MP: 4/9
  1937 | D:2      | Found a sparkling altar of Nemelex Xobeh.
  2666 | D:2      | Reached skill level 6 in Summonings
  2796 | D:2      | Learned a level 3 spell: Summon Guardian Golem
  2919 | D:3      | Reached skill level 1 in Polearms
  2919 | D:3      | Gained mutation: Your magical nature lets you fly swiftly
                  | and evasively. [Tengu growth]
  2919 | D:3      | Reached XP level 5. HP: 26/28 MP: 1/10
  3607 | D:3      | Reached skill level 1 in Fighting
  3609 | D:3      | Reached XP level 6. HP: 9/34 MP: 3/12
  4252 | D:4      | Found a runed translucent door.
  4256 | D:4      | Noticed siradein's ghost (amateur DsEE)
  4598 | D:4      | Found a bloodstained altar of Trog.
  4783 | D:4      | Found a broken altar of Ashenzari.
  4934 | D:4      | Killed siradein's ghost
  5084 | D:5      | Entered Level 5 of the Dungeon
  5099 | D:5      | Reached XP level 7. HP: 22/38 MP: 4/13
  5478 | D:5      | Reached skill level 7 in Summonings
  5752 | D:5      | Reached XP level 8. HP: 22/44 MP: 15/15
  5923 | D:5      | Learned a level 2 spell: Scorch
  5928 | D:5      | Learned a level 4 spell: Summon Lightning Spire
  6040 | D:5      | Reached skill level 5 in Polearms
  6119 | D:5      | Got the Discourse on the Electric Escort
  6455 | D:6      | Found an ornate altar of the Wu Jian Council.
  6566 | D:6      | Found a sand-covered staircase.
  6576 | Ossuary  | Entered an ossuary
  6926 | D:6      | Reached skill level 5 in Spellcasting
  7180 | D:6      | Found a radiant altar of Vehumet.
  7181 | D:6      | Found a burning altar of Makhleb.
  7241 | D:6      | Identified the +1 leather armour "Herehaci" {rPois}
  7643 | D:7      | Reached XP level 9. HP: 51/51 MP: 6/17
  7647 | D:7      | Reached skill level 1 in Hexes
  7818 | D:7      | Found a staircase to the Ecumenical Temple.
  7892 | D:7      | Identified the +6 spear "Xerioh" {spect, rPois rF- rC+++
                  | Dex-4}
  7929 | D:7      | Found Joqeqilo's Antique Armour Shop.
  7944 | D:7      | Bought a cloak for 108 gold pieces
  8009 | D:7      | Reached skill level 8 in Summonings
  8829 | Temple   | Entered the Ecumenical Temple
  9025 | Temple   | Became a worshipper of the Shining One
  9087 | D:8      | Reached skill level 1 in Armour
  9229 | D:8      | Reached skill level 1 in Air Magic
  9462 | D:8      | Noticed a death yak
  9462 | D:8      | Noticed a death yak
  9473 | D:8      | Noticed a death yak
  9483 | D:8      | Killed a death yak
  9484 | D:8      | Reached XP level 10. HP: 5/56 MP: 4/20
  9503 | D:8      | Killed a death yak
  9505 | D:8      | Killed a death yak
  9506 | D:8      | Reached skill level 9 in Summonings
  9599 | D:8      | Found a staircase to the Lair.
  9647 | D:8      | Learned a level 6 spell: Summon Cactus Giant
 10887 | D:9      | Identified the +1 ring mail of Anaesthesia {rPois Will++}
 10896 | D:9      | Found a snail-covered altar of Cheibriados.
 10950 | D:9      | Reached * piety under the Shining One
 11169 | D:9      | Identified the +4 dagger "Ygehaly" {flame, rCorr Int+4}
 11551 | D:10     | Entered Level 10 of the Dungeon
 11582 | D:10     | Found a hide-covered altar of Uskayaw.
 11965 | D:10     | Reached skill level 10 in Summonings
 11977 | D:10     | Reached XP level 11. HP: 55/62 MP: 12/24
 12098 | D:10     | Found an ancient bone altar of Kikubaaqudgha.
 12107 | D:10     | Slain by a troll

Illustrated notes

Levels and vault maps discovered:
D:1:      onia_arrival_pyramid, layout_rooms, ebering_ecumenical_altar_rust
D:2:      layout_basic, basic_altar
D:3:      layout_basic
D:4:      layout_basic, trog_hazing_becter, marbit_many_paths,
          hellmonk_ghost_happy_afterlife
D:5:      nicolae_cairo_tiling_large_dashed, layout_gridville, grunt_tough_drop
D:6:      layout_basic, grunt_temple_overflow_lords_of_destruction,
          nicolae_overflow_crystal_walls, gup_ossuary_entry_pyramid
D:7:      layout_basic, temple_statues, serial_shops, nicolae_shop_statue_plus
D:8:      layout_gridville, dpeg_lair_monsters
D:9:      layout_long_grid, slow_altar_2
D:10:     layout_irregular_city, mainiacjoe_overflow_chevrons,
          kiku_gazebo_garden_becter, erik_orc_1, grunt_livestock
Temple:   nicolae_temple_bog_church

Skill      XL: |  1  2  3  4  5  6  7  8  9 10 |
---------------+-------------------------------+-----
Summonings     | 5 6 7 8 10 | 10.1
Spellcasting   | 3 4 5 6 8 |  8.0
Polearms       | 1 3 4 6 7 8 |  8.4
Fighting       | 1 2 3 4 |  4.4
Dodging        | 3 4 |  4.5
Stealth        | 3 4 |  4.9
Hexes          | 1 |  1.9
Armour         | 2 3 |  3.2
Air Magic      | 2 3 |  3.6
Fire Magic     | |  0.3

Action                   |  1- 3 |  4- 6 |  7- 9 | 10-12 || total
-------------------------+-------+-------+-------+-------++-------
Melee: Unarmed           |     5 |       |       |       ||     5
       Dagger            |    30 |       |       |       ||    30
       Kick              |    11 |    14 |    39 |    30 ||    94
       Peck              |     4 |    15 |    31 |    16 ||    66
       Trident           |       |    68 |       |       ||    68
       Halberd           |       |    76 |   218 |    77 ||   371
 Cast: Summon Small Mamm |    24 |    21 |     8 |     3 ||    56
       Call Canine Famil |     4 |     7 |    14 |     5 ||    30
       Call Imp          |     3 |     6 |     4 |       ||    13
       Summon Guardian G |       |     6 |     9 |     6 ||    21
       Scorch            |       |       |     2 |       ||     2
       Summon Lightning  |       |       |     5 |     7 ||    12
       Summon Cactus Gia |       |       |       |     4 ||     4
  Use: Scroll            |     4 |     7 |    10 |     2 ||    23
       Potion            |       |       |     1 |     4 ||     5
 Stab: Sleeping          |       |     4 |    10 |       ||    14
       Distracted        |       |     1 |     4 |       ||     5
Armor: Robe              |    16 |    17 |    25 |       ||    58
       Leather armour    |       |       |     6 |    14 ||    20
Dodge: Dodged            |    41 |    90 |   116 |    36 ||   283

Table legend: (Time is in decaauts)
 A = Elapsed time spent in this place.
 B = Non-inter-level travel time spent in this place.
 C = Inter-level travel time spent in this place.
 D = Time resting spent in this place.
 E = Time spent auto-exploring this place.
 F = Levels seen in this place.
 G = Mean time per level.
                   A        B        C        D        E       F      G
               +--------+--------+--------+--------+--------+-----+--------+
         Total |  11712 |  11310 |    402 |    420 |   8777 |  12 |  976.0 |
       Dungeon |  11302 |  10975 |    327 |    420 |   8669 |  10 | 1130.2 |
        Temple |    197 |    122 |     75 |      0 |    108 |   1 |  197.0 |
       Ossuary |    213 |    213 |      0 |      0 |      0 |   1 |  213.0 |
               +--------+--------+--------+--------+--------+-----+--------+

Top non-repeatable levels by time:
     D:2: 1635 daAuts
     D:8: 1565 daAuts
     D:3: 1306 daAuts
     D:7: 1260 daAuts
     D:5: 1258 daAuts
     D:1: 1234 daAuts
     D:6: 879 daAuts
     D:4: 835 daAuts
     D:9: 797 daAuts
    D:10: 529 daAuts
 Ossuary: 213 daAuts
  Temple: 197 daAuts
